Workbook

Sheet КП
E2: Selby China / CNY прайс Основа: v6, стиль и формулы сохранены
B4: Расчет № ________ от ________ г.
A6: № | B6: НАИМЕНОВАНИЕ | C6: СТОИМОСТЬ | D6: ЕД. ИЗ. | E6: КОЛИЧЕСТВО | F6: СУММА
B7: УСЛУГИ ПО УПАКОВКЕ ТОВАРА | E7: ⠀
A8: 1 | B8: Приёмка товара на склад (в штуках) | C8: =IF($E8<=199,VLOOKUP($B8,'Прайс-лист'!$B$17:$F$95,2,0),IF($E8>=500,VLOOKUP($B8,'Прайс-лист'!$B$17:$F$95,4,0),VLOOKUP($B8,'Прайс-лист'!$B$17:$F$95,3,0))) -> 0.25 | D8: ='Прайс-лист'!F17 -> ¥/шт | F8: =E8*C8 -> 0
A9: 2 | B9: Приёмка товара на склад (в коробках) | C9: =IF($E9<=199,VLOOKUP($B9,'Прайс-лист'!$B$17:$F$95,2,0),IF($E9>=500,VLOOKUP($B9,'Прайс-лист'!$B$17:$F$95,4,0),VLOOKUP($B9,'Прайс-лист'!$B$17:$F$95,3,0))) -> 0.66 | D9: ='Прайс-лист'!F18 -> ¥/короб | F9: =E9*C9 -> 0
A10: 3 | B10: Визуальный осмотр товара на брак | C10: =IF($E10<=199,VLOOKUP($B10,'Прайс-лист'!$B$17:$F$95,2,0),IF($E10>=500,VLOOKUP($B10,'Прайс-лист'!$B$17:$F$95,4,0),VLOOKUP($B10,'Прайс-лист'!$B$17:$F$95,3,0))) -> 0.41 | D10: ='Прайс-лист'!F19 -> ¥ | F10: =E10*C10 -> 0
A11: 4 | B11: Детальный осмотр (выявление брака, проверка комплекта и др.) | C11: =IF($E11<=199,VLOOKUP($B11,'Прайс-лист'!$B$17:$F$95,2,0),IF($E11>=500,VLOOKUP($B11,'Прайс-лист'!$B$17:$F$95,4,0),VLOOKUP($B11,'Прайс-лист'!$B$17:$F$95,3,0))) -> 0.83 | D11: ='Прайс-лист'!F20 -> ¥ | F11: =E11*C11 -> 0
A12: 5 | B12: Проверка товара на брак электромеханических приборов (проверка от сети, от аккумуляторов) | C12: =IF($E12<=199,VLOOKUP($B12,'Прайс-лист'!$B$17:$F$95,2,0),IF($E12>=500,VLOOKUP($B12,'Прайс-лист'!$B$17:$F$95,4,0),VLOOKUP($B12,'Прайс-лист'!$B$17:$F$95,3,0))) -> 1.16 | D12: ='Прайс-лист'!F21 -> ¥ | F12: =E12*C12 -> 0
A13: 6 | B13: Удаление следов старой упаковки, скотча, вкладыша и пр.
A14: 6.1 | B14: Категория 1 (до 20 см) | C14: =IF($E14<=199,VLOOKUP($B14,'Прайс-лист'!$B$23:$F$29,2,0),IF($E14>=500,VLOOKUP($B14,'Прайс-лист'!$B$23:$F$29,4,0),VLOOKUP($B14,'Прайс-лист'!$B$23:$F$29,3,0))) -> 0.83 | D14: ='Прайс-лист'!F23 -> ¥ | F14: =E14*C14 -> 0
A15: 6.2 | B15: Категория 2 (до 40 см) | C15: =IF($E15<=199,VLOOKUP($B15,'Прайс-лист'!$B$23:$F$29,2,0),IF($E15>=500,VLOOKUP($B15,'Прайс-лист'!$B$23:$F$29,4,0),VLOOKUP($B15,'Прайс-лист'!$B$23:$F$29,3,0))) -> 1.16 | D15: ='Прайс-лист'!F24 -> ¥ | F15: =E15*C15 -> 0
A16: 6.3 | B16: Категория 3 (до 60 см) | C16: =IF($E16<=199,VLOOKUP($B16,'Прайс-лист'!$B$23:$F$29,2,0),IF($E16>=500,VLOOKUP($B16,'Прайс-лист'!$B$23:$F$29,4,0),VLOOKUP($B16,'Прайс-лист'!$B$23:$F$29,3,0))) -> 1.5 | D16: ='Прайс-лист'!F25 -> ¥ | F16: =E16*C16 -> 0
A17: 6.4 | B17: Категория 4 (до 80 см) | C17: =IF($E17<=199,VLOOKUP($B17,'Прайс-лист'!$B$23:$F$29,2,0),IF($E17>=500,VLOOKUP($B17,'Прайс-лист'!$B$23:$F$29,4,0),VLOOKUP($B17,'Прайс-лист'!$B$23:$F$29,3,0))) -> 1.83 | D17: ='Прайс-лист'!F26 -> ¥ | F17: =E17*C17 -> 0
A18: 6.5 | B18: Категория 5 (до 100 см) | C18: =IF($E18<=199,VLOOKUP($B18,'Прайс-лист'!$B$23:$F$29,2,0),IF($E18>=500,VLOOKUP($B18,'Прайс-лист'!$B$23:$F$29,4,0),VLOOKUP($B18,'Прайс-лист'!$B$23:$F$29,3,0))) -> 2.16 | D18: ='Прайс-лист'!F27 -> ¥ | F18: =E18*C18 -> 0
A19: 6.6 | B19: Категория 6 (до 130 см) | C19: =IF($E19<=199,VLOOKUP($B19,'Прайс-лист'!$B$23:$F$29,2,0),IF($E19>=500,VLOOKUP($B19,'Прайс-лист'!$B$23:$F$29,4,0),VLOOKUP($B19,'Прайс-лист'!$B$23:$F$29,3,0))) -> 2.57 | D19: ='Прайс-лист'!F28 -> ¥ | F19: =E19*C19 -> 0
A20: 6.7 | B20: Категория 7 (до 150 см) | C20: =IF($E20<=199,VLOOKUP($B20,'Прайс-лист'!$B$23:$F$29,2,0),IF($E20>=500,VLOOKUP($B20,'Прайс-лист'!$B$23:$F$29,4,0),VLOOKUP($B20,'Прайс-лист'!$B$23:$F$29,3,0))) -> 2.91 | D20: ='Прайс-лист'!F29 -> ¥ | F20: =E20*C20 -> 0
A22: 7 | B22: Удаление бумажной бирки | C22: =IF($E22<=199,VLOOKUP($B22,'Прайс-лист'!$B$17:$F$95,2,0),IF($E22>=500,VLOOKUP($B22,'Прайс-лист'!$B$17:$F$95,4,0),VLOOKUP($B22,'Прайс-лист'!$B$17:$F$95,3,0))) -> 0.33 | D22: ='Прайс-лист'!F31 -> ¥ | F22: =E22*C22 -> 0
A23: 8 | B23: Отрезание ниток | C23: =IF($E23<=199,VLOOKUP($B23,'Прайс-лист'!$B$17:$F$95,2,0),IF($E23>=500,VLOOKUP($B23,'Прайс-лист'!$B$17:$F$95,4,0),VLOOKUP($B23,'Прайс-лист'!$B$17:$F$95,3,0))) -> 0.41 | D23: ='Прайс-лист'!F32 -> ¥ | F23: =E23*C23 -> 0
A24: 9 | B24: Перешив тканевой этикетки (удалить старую и пришить новую тканевую этикетку) | C24: =IF($E24<=199,VLOOKUP($B24,'Прайс-лист'!$B$17:$F$95,2,0),IF($E24>=500,VLOOKUP($B24,'Прайс-лист'!$B$17:$F$95,4,0),VLOOKUP($B24,'Прайс-лист'!$B$17:$F$95,3,0))) -> 3.32 | D24: ='Прайс-лист'!F33 -> ¥ | F24: =E24*C24 -> 0
A25: 10 | B25: Крепление бумажной бирки на изделие | C25: =IF($E25<=199,VLOOKUP($B25,'Прайс-лист'!$B$17:$F$95,2,0),IF($E25>=500,VLOOKUP($B25,'Прайс-лист'!$B$17:$F$95,4,0),VLOOKUP($B25,'Прайс-лист'!$B$17:$F$95,3,0))) -> 0.5 | D25: ='Прайс-лист'!F34 -> ¥ | F25: =E25*C25 -> 0
A26: 11 | B26: Вложение вкладыша | C26: =IF($E26<=199,VLOOKUP($B26,'Прайс-лист'!$B$17:$F$95,2,0),IF($E26>=500,VLOOKUP($B26,'Прайс-лист'!$B$17:$F$95,4,0),VLOOKUP($B26,'Прайс-лист'!$B$17:$F$95,3,0))) -> 0.41 | D26: ='Прайс-лист'!F35 -> ¥ | F26: =E26*C26 -> 0
A27: 12 | B27: Сборка товаров в комплект
A28: 12.1 | B28: Категория 1 (до 20 см) | C28: =IF($E28<=199,VLOOKUP($B28,'Прайс-лист'!$B$37:$F$43,2,0),IF($E28>=500,VLOOKUP($B28,'Прайс-лист'!$B$37:$F$43,4,0),VLOOKUP($B28,'Прайс-лист'!$B$37:$F$43,3,0))) -> 0.83 | D28: ='Прайс-лист'!F37 -> ¥ | F28: =E28*C28 -> 0
A29: 12.2 | B29: Категория 2 (до 40 см) | C29: =IF($E29<=199,VLOOKUP($B29,'Прайс-лист'!$B$37:$F$43,2,0),IF($E29>=500,VLOOKUP($B29,'Прайс-лист'!$B$37:$F$43,4,0),VLOOKUP($B29,'Прайс-лист'!$B$37:$F$43,3,0))) -> 1.16 | D29: ='Прайс-лист'!F38 -> ¥ | F29: =E29*C29 -> 0
A30: 12.3 | B30: Категория 3 (до 60 см) | C30: =IF($E30<=199,VLOOKUP($B30,'Прайс-лист'!$B$37:$F$43,2,0),IF($E30>=500,VLOOKUP($B30,'Прайс-лист'!$B$37:$F$43,4,0),VLOOKUP($B30,'Прайс-лист'!$B$37:$F$43,3,0))) -> 1.5 | D30: ='Прайс-лист'!F39 -> ¥ | F30: =E30*C30 -> 0
A31: 12.4 | B31: Категория 4 (до 80 см) | C31: =IF($E31<=199,VLOOKUP($B31,'Прайс-лист'!$B$37:$F$43,2,0),IF($E31>=500,VLOOKUP($B31,'Прайс-лист'!$B$37:$F$43,4,0),VLOOKUP($B31,'Прайс-лист'!$B$37:$F$43,3,0))) -> 1.83 | D31: ='Прайс-лист'!F40 -> ¥ | F31: =E31*C31 -> 0
A32: 12.5 | B32: Категория 5 (до 100 см) | C32: =IF($E32<=199,VLOOKUP($B32,'Прайс-лист'!$B$37:$F$43,2,0),IF($E32>=500,VLOOKUP($B32,'Прайс-лист'!$B$37:$F$43,4,0),VLOOKUP($B32,'Прайс-лист'!$B$37:$F$43,3,0))) -> 2.16 | D32: ='Прайс-лист'!F41 -> ¥ | F32: =E32*C32 -> 0
A33: 12.6 | B33: Категория 6 (до 130 см) | C33: =IF($E33<=199,VLOOKUP($B33,'Прайс-лист'!$B$37:$F$43,2,0),IF($E33>=500,VLOOKUP($B33,'Прайс-лист'!$B$37:$F$43,4,0),VLOOKUP($B33,'Прайс-лист'!$B$37:$F$43,3,0))) -> 2.57 | D33: ='Прайс-лист'!F42 -> ¥ | F33: =E33*C33 -> 0
A34: 12.7 | B34: Категория 7 (до 150 см) | C34: =IF($E34<=199,VLOOKUP($B34,'Прайс-лист'!$B$37:$F$43,2,0),IF($E34>=500,VLOOKUP($B34,'Прайс-лист'!$B$37:$F$43,4,0),VLOOKUP($B34,'Прайс-лист'!$B$37:$F$43,3,0))) -> 2.91 | D34: ='Прайс-лист'!F43 -> ¥ | F34: =E34*C34 -> 0
A36: 13 | B36: Сортировка товара по цвету, размеру и т.д. | C36: =IF($E36<=199,VLOOKUP($B36,'Прайс-лист'!$B$17:$F$95,2,0),IF($E36>=500,VLOOKUP($B36,'Прайс-лист'!$B$17:$F$95,4,0),VLOOKUP($B36,'Прайс-лист'!$B$17:$F$95,3,0))) -> 0.41 | D36: ='Прайс-лист'!F45 -> ¥ | F36: =E36*C36 -> 0
A37: 14 | B37: Глажка / отпаривание одежды | C37: =IF($E37<=199,VLOOKUP($B37,'Прайс-лист'!$B$17:$F$95,2,0),IF($E37>=500,VLOOKUP($B37,'Прайс-лист'!$B$17:$F$95,4,0),VLOOKUP($B37,'Прайс-лист'!$B$17:$F$95,3,0))) -> 6.64 | D37: ='Прайс-лист'!F46 -> ¥ | F37: =E37*C37 -> 0
A38: 15 | B38: Упаковка в короб
A39: 15.1 | B39: Категория 1 (до 20 см) | C39: =IF($E39<=199,VLOOKUP($B39,'Прайс-лист'!$B$48:$F$54,2,0),IF($E39>=500,VLOOKUP($B39,'Прайс-лист'!$B$48:$F$54,4,0),VLOOKUP($B39,'Прайс-лист'!$B$48:$F$54,3,0))) -> 0.83 | D39: ='Прайс-лист'!F48 -> ¥ | F39: =E39*C39 -> 0
A40: 15.2 | B40: Категория 2 (до 40 см) | C40: =IF($E40<=199,VLOOKUP($B40,'Прайс-лист'!$B$48:$F$54,2,0),IF($E40>=500,VLOOKUP($B40,'Прайс-лист'!$B$48:$F$54,4,0),VLOOKUP($B40,'Прайс-лист'!$B$48:$F$54,3,0))) -> 1.16 | D40: ='Прайс-лист'!F49 -> ¥ | F40: =E40*C40 -> 0
A41: 15.3 | B41: Категория 3 (до 60 см) | C41: =IF($E41<=199,VLOOKUP($B41,'Прайс-лист'!$B$48:$F$54,2,0),IF($E41>=500,VLOOKUP($B41,'Прайс-лист'!$B$48:$F$54,4,0),VLOOKUP($B41,'Прайс-лист'!$B$48:$F$54,3,0))) -> 1.5 | D41: ='Прайс-лист'!F50 -> ¥ | F41: =E41*C41 -> 0
A42: 15.4 | B42: Категория 4 (до 80 см) | C42: =IF($E42<=199,VLOOKUP($B42,'Прайс-лист'!$B$48:$F$54,2,0),IF($E42>=500,VLOOKUP($B42,'Прайс-лист'!$B$48:$F$54,4,0),VLOOKUP($B42,'Прайс-лист'!$B$48:$F$54,3,0))) -> 1.83 | D42: ='Прайс-лист'!F51 -> ¥ | F42: =E42*C42 -> 0
A43: 15.5 | B43: Категория 5 (до 100 см) | C43: =IF($E43<=199,VLOOKUP($B43,'Прайс-лист'!$B$48:$F$54,2,0),IF($E43>=500,VLOOKUP($B43,'Прайс-лист'!$B$48:$F$54,4,0),VLOOKUP($B43,'Прайс-лист'!$B$48:$F$54,3,0))) -> 2.16 | D43: ='Прайс-лист'!F52 -> ¥ | F43: =E43*C43 -> 0
A44: 15.6 | B44: Категория 6 (до 130 см) | C44: =IF($E44<=199,VLOOKUP($B44,'Прайс-лист'!$B$48:$F$54,2,0),IF($E44>=500,VLOOKUP($B44,'Прайс-лист'!$B$48:$F$54,4,0),VLOOKUP($B44,'Прайс-лист'!$B$48:$F$54,3,0))) -> 2.57 | D44: ='Прайс-лист'!F53 -> ¥ | F44: =E44*C44 -> 0
A45: 15.7 | B45: Категория 7 (до 150 см) | C45: =IF($E45<=199,VLOOKUP($B45,'Прайс-лист'!$B$48:$F$54,2,0),IF($E45>=500,VLOOKUP($B45,'Прайс-лист'!$B$48:$F$54,4,0),VLOOKUP($B45,'Прайс-лист'!$B$48:$F$54,3,0))) -> 2.91 | D45: ='Прайс-лист'!F54 -> ¥ | F45: =E45*C45 -> 0
A47: 16 | B47: Упаковка в ZIP пакет | C47: =IF($E47<=199,VLOOKUP($B47,'Прайс-лист'!$B$17:$F$95,2,0),IF($E47>=500,VLOOKUP($B47,'Прайс-лист'!$B$17:$F$95,4,0),VLOOKUP($B47,'Прайс-лист'!$B$17:$F$95,3,0))) -> 0.5 | D47: ='Прайс-лист'!F56 -> ¥ | F47: =E47*C47 -> 0
A48: 17 | B48: Упаковка в ZIP пакет матовый с бегунком пакет (Премиум) | C48: =IF($E48<=199,VLOOKUP($B48,'Прайс-лист'!$B$17:$F$95,2,0),IF($E48>=500,VLOOKUP($B48,'Прайс-лист'!$B$17:$F$95,4,0),VLOOKUP($B48,'Прайс-лист'!$B$17:$F$95,3,0))) -> 0.5 | D48: ='Прайс-лист'!F57 -> ¥ | F48: =E48*C48 -> 0
A49: 18 | B49: Упаковка в БОПП пакет с клейким краем | C49: =IF($E49<=199,VLOOKUP($B49,'Прайс-лист'!$B$17:$F$95,2,0),IF($E49>=500,VLOOKUP($B49,'Прайс-лист'!$B$17:$F$95,4,0),VLOOKUP($B49,'Прайс-лист'!$B$17:$F$95,3,0))) -> 0.5 | D49: ='Прайс-лист'!F58 -> ¥ | F49: =E49*C49 -> 0
A50: 19 | B50: Упаковка в пузырчатую пленку
A51: 19.1 | B51: Категория 1 (до 20 см) | C51: =IF($E51<=199,VLOOKUP($B51,'Прайс-лист'!$B$60:$F$66,2, 0),IF($E51>=500,VLOOKUP($B51,'Прайс-лист'!$B$60:$F$66,4,0),VLOOKUP($B51,'Прайс-лист'!$B$60:$F$66,3,0))) -> 0.83 | D51: ='Прайс-лист'!F60 -> ¥ | F51: =E51*C51 -> 0
A52: 19.2 | B52: Категория 2 (до 40 см) | C52: =IF($E52<=199,VLOOKUP($B52,'Прайс-лист'!$B$60:$F$66,2, 0),IF($E52>=500,VLOOKUP($B52,'Прайс-лист'!$B$60:$F$66,4,0),VLOOKUP($B52,'Прайс-лист'!$B$60:$F$66,3,0))) -> 1.16 | D52: ='Прайс-лист'!F61 -> ¥ | F52: =E52*C52 -> 0
A53: 19.3 | B53: Категория 3 (до 60 см) | C53: =IF($E53<=199,VLOOKUP($B53,'Прайс-лист'!$B$60:$F$66,2, 0),IF($E53>=500,VLOOKUP($B53,'Прайс-лист'!$B$60:$F$66,4,0),VLOOKUP($B53,'Прайс-лист'!$B$60:$F$66,3,0))) -> 1.5 | D53: ='Прайс-лист'!F62 -> ¥ | F53: =E53*C53 -> 0
A54: 19.4 | B54: Категория 4 (до 80 см) | C54: =IF($E54<=199,VLOOKUP($B54,'Прайс-лист'!$B$60:$F$66,2, 0),IF($E54>=500,VLOOKUP($B54,'Прайс-лист'!$B$60:$F$66,4,0),VLOOKUP($B54,'Прайс-лист'!$B$60:$F$66,3,0))) -> 1.83 | D54: ='Прайс-лист'!F63 -> ¥ | F54: =E54*C54 -> 0
A55: 19.5 | B55: Категория 5 (до 100 см) | C55: =IF($E55<=199,VLOOKUP($B55,'Прайс-лист'!$B$60:$F$66,2, 0),IF($E55>=500,VLOOKUP($B55,'Прайс-лист'!$B$60:$F$66,4,0),VLOOKUP($B55,'Прайс-лист'!$B$60:$F$66,3,0))) -> 2.16 | D55: ='Прайс-лист'!F64 -> ¥ | F55: =E55*C55 -> 0
A56: 19.6 | B56: Категория 6 (до 130 см) | C56: =IF($E56<=199,VLOOKUP($B56,'Прайс-лист'!$B$60:$F$66,2, 0),IF($E56>=500,VLOOKUP($B56,'Прайс-лист'!$B$60:$F$66,4,0),VLOOKUP($B56,'Прайс-лист'!$B$60:$F$66,3,0))) -> 2.57 | D56: ='Прайс-лист'!F65 -> ¥ | F56: =E56*C56 -> 0
A57: 19.7 | B57: Категория 7 (до 150 см) | C57: =IF($E57<=199,VLOOKUP($B57,'Прайс-лист'!$B$60:$F$66,2, 0),IF($E57>=500,VLOOKUP($B57,'Прайс-лист'!$B$60:$F$66,4,0),VLOOKUP($B57,'Прайс-лист'!$B$60:$F$66,3,0))) -> 2.91 | D57: ='Прайс-лист'!F66 -> ¥ | F57: =E57*C57 -> 0
A59: 20 | B59: Упаковка (запайка) в ПВД-рукав
A60: 20.1 | B60: Категория 1 (до 20 см) | C60: =IF($E60<=199,VLOOKUP($B60,'Прайс-лист'!$B$69:$F$75,2,0),IF($E60>=500,VLOOKUP($B60,'Прайс-лист'!$B$69:$F$75,4,0),VLOOKUP($B60,'Прайс-лист'!$B$69:$F$75,3,0))) -> 0.83 | D60: ='Прайс-лист'!F69 -> ¥ | F60: =E60*C60 -> 0
A61: 20.2 | B61: Категория 2 (до 40 см) | C61: =IF($E61<=199,VLOOKUP($B61,'Прайс-лист'!$B$69:$F$75,2,0),IF($E61>=500,VLOOKUP($B61,'Прайс-лист'!$B$69:$F$75,4,0),VLOOKUP($B61,'Прайс-лист'!$B$69:$F$75,3,0))) -> 1.16 | D61: ='Прайс-лист'!F70 -> ¥ | F61: =E61*C61 -> 0
A62: 20.3 | B62: Категория 3 (до 60 см) | C62: =IF($E62<=199,VLOOKUP($B62,'Прайс-лист'!$B$69:$F$75,2,0),IF($E62>=500,VLOOKUP($B62,'Прайс-лист'!$B$69:$F$75,4,0),VLOOKUP($B62,'Прайс-лист'!$B$69:$F$75,3,0))) -> 1.5 | D62: ='Прайс-лист'!F71 -> ¥ | F62: =E62*C62 -> 0
A63: 20.4 | B63: Категория 4 (до 80 см) | C63: =IF($E63<=199,VLOOKUP($B63,'Прайс-лист'!$B$69:$F$75,2,0),IF($E63>=500,VLOOKUP($B63,'Прайс-лист'!$B$69:$F$75,4,0),VLOOKUP($B63,'Прайс-лист'!$B$69:$F$75,3,0))) -> 1.83 | D63: ='Прайс-лист'!F72 -> ¥ | F63: =E63*C63 -> 0
A64: 20.5 | B64: Категория 5 (до 100 см) | C64: =IF($E64<=199,VLOOKUP($B64,'Прайс-лист'!$B$69:$F$75,2,0),IF($E64>=500,VLOOKUP($B64,'Прайс-лист'!$B$69:$F$75,4,0),VLOOKUP($B64,'Прайс-лист'!$B$69:$F$75,3,0))) -> 2.16 | D64: ='Прайс-лист'!F73 -> ¥ | F64: =E64*C64 -> 0
A65: 20.6 | B65: Категория 6 (до 130 см) | C65: =IF($E65<=199,VLOOKUP($B65,'Прайс-лист'!$B$69:$F$75,2,0),IF($E65>=500,VLOOKUP($B65,'Прайс-лист'!$B$69:$F$75,4,0),VLOOKUP($B65,'Прайс-лист'!$B$69:$F$75,3,0))) -> 2.57 | D65: ='Прайс-лист'!F74 -> ¥ | F65: =E65*C65 -> 0
A66: 20.7 | B66: Категория 7 (до 150 см) | C66: =IF($E66<=199,VLOOKUP($B66,'Прайс-лист'!$B$69:$F$75,2,0),IF($E66>=500,VLOOKUP($B66,'Прайс-лист'!$B$69:$F$75,4,0),VLOOKUP($B66,'Прайс-лист'!$B$69:$F$75,3,0))) -> 2.91 | D66: ='Прайс-лист'!F75 -> ¥ | F66: =E66*C66 -> 0
A68: 21 | B68: Упаковка в термоусадочную пленку
A69: 21.1 | B69: Категория 1 (до 20 см) | C69: =IF($E69<=199,VLOOKUP($B69,'Прайс-лист'!$B$78:$F$84,2,0),IF($E69>=500,VLOOKUP($B69,'Прайс-лист'!$B$78:$F$84,4,0),VLOOKUP($B69,'Прайс-лист'!$B$78:$F$84,3,0))) -> 0.83 | D69: ='Прайс-лист'!F78 -> ¥ | F69: =E69*C69 -> 0
A70: 21.2 | B70: Категория 2 (до 40 см) | C70: =IF($E70<=199,VLOOKUP($B70,'Прайс-лист'!$B$78:$F$84,2,0),IF($E70>=500,VLOOKUP($B70,'Прайс-лист'!$B$78:$F$84,4,0),VLOOKUP($B70,'Прайс-лист'!$B$78:$F$84,3,0))) -> 1.16 | D70: ='Прайс-лист'!F79 -> ¥ | F70: =E70*C70 -> 0
A71: 21.3 | B71: Категория 3 (до 60 см) | C71: =IF($E71<=199,VLOOKUP($B71,'Прайс-лист'!$B$78:$F$84,2,0),IF($E71>=500,VLOOKUP($B71,'Прайс-лист'!$B$78:$F$84,4,0),VLOOKUP($B71,'Прайс-лист'!$B$78:$F$84,3,0))) -> 1.5 | D71: ='Прайс-лист'!F80 -> ¥ | F71: =E71*C71 -> 0
A72: 21.4 | B72: Категория 4 (до 80 см) | C72: =IF($E72<=199,VLOOKUP($B72,'Прайс-лист'!$B$78:$F$84,2,0),IF($E72>=500,VLOOKUP($B72,'Прайс-лист'!$B$78:$F$84,4,0),VLOOKUP($B72,'Прайс-лист'!$B$78:$F$84,3,0))) -> 1.83 | D72: ='Прайс-лист'!F81 -> ¥ | F72: =E72*C72 -> 0
A73: 21.5 | B73: Категория 5 (до 100 см) | C73: =IF($E73<=199,VLOOKUP($B73,'Прайс-лист'!$B$78:$F$84,2,0),IF($E73>=500,VLOOKUP($B73,'Прайс-лист'!$B$78:$F$84,4,0),VLOOKUP($B73,'Прайс-лист'!$B$78:$F$84,3,0))) -> 2.16 | D73: ='Прайс-лист'!F82 -> ¥ | F73: =E73*C73 -> 0
A74: 21.6 | B74: Категория 6 (до 130 см) | C74: =IF($E74<=199,VLOOKUP($B74,'Прайс-лист'!$B$78:$F$84,2,0),IF($E74>=500,VLOOKUP($B74,'Прайс-лист'!$B$78:$F$84,4,0),VLOOKUP($B74,'Прайс-лист'!$B$78:$F$84,3,0))) -> 2.57 | D74: ='Прайс-лист'!F83 -> ¥ | F74: =E74*C74 -> 0
A75: 21.7 | B75: Категория 7 (до 150 см) | C75: =IF($E75<=199,VLOOKUP($B75,'Прайс-лист'!$B$78:$F$84,2,0),IF($E75>=500,VLOOKUP($B75,'Прайс-лист'!$B$78:$F$84,4,0),VLOOKUP($B75,'Прайс-лист'!$B$78:$F$84,3,0))) -> 2.91 | D75: ='Прайс-лист'!F84 -> ¥ | F75: =E75*C75 -> 0
A77: 22 | B77: Печать стикера с баркодом/QR кодом и другой информацией | C77: =IF($E77<=199,VLOOKUP($B77,'Прайс-лист'!$B$17:$F$95,2,0),IF($E77>=500,VLOOKUP($B77,'Прайс-лист'!$B$17:$F$95,4,0),VLOOKUP($B77,'Прайс-лист'!$B$17:$F$95,3,0))) -> 0.25 | D77: ='Прайс-лист'!F86 -> ¥ | F77: =E77*C77 -> 0
A78: 23 | B78: Печать и наклейка штрих кода (наклейка стикера с баркодом/QR кодом и другой информацией) | C78: =IF($E78<=199,VLOOKUP($B78,'Прайс-лист'!$B$17:$F$95,2,0),IF($E78>=500,VLOOKUP($B78,'Прайс-лист'!$B$17:$F$95,4,0),VLOOKUP($B78,'Прайс-лист'!$B$17:$F$95,3,0))) -> 0.41 | D78: ='Прайс-лист'!F87 -> ¥ | F78: =E78*C78 -> 0
A79: 24 | B79: Разработка/редактирование штрихкода (без доп. информации) | C79: =IF($E79<=199,VLOOKUP($B79,'Прайс-лист'!$B$17:$F$95,2,0),IF($E79>=500,VLOOKUP($B79,'Прайс-лист'!$B$17:$F$95,4,0),VLOOKUP($B79,'Прайс-лист'!$B$17:$F$95,3,0))) -> 4.15 | D79: ='Прайс-лист'!F88 -> ¥/SKU | F79: =E79*C79 -> 0
A80: 25 | B80: Разработка штрихкода (с доп. информацией) | C80: =IF($E80<=199,VLOOKUP($B80,'Прайс-лист'!$B$17:$F$95,2,0),IF($E80>=500,VLOOKUP($B80,'Прайс-лист'!$B$17:$F$95,4,0),VLOOKUP($B80,'Прайс-лист'!$B$17:$F$95,3,0))) -> 4.98 | D80: ='Прайс-лист'!F89 -> ¥/SKU | F80: =E80*C80 -> 0
A81: 26 | B81: Разработка и печать термоэтикетки с любой информацией | C81: =IF($E81<=199,VLOOKUP($B81,'Прайс-лист'!$B$17:$F$95,2,0),IF($E81>=500,VLOOKUP($B81,'Прайс-лист'!$B$17:$F$95,4,0),VLOOKUP($B81,'Прайс-лист'!$B$17:$F$95,3,0))) -> 4.98 | D81: ='Прайс-лист'!F90 -> ¥/SKU | F81: =E81*C81 -> 0
A82: 27 | B82: Укладка товаров в новый транспортировочный короб (без упаковки и маркировки) | C82: =IF($E82<=199,VLOOKUP($B82,'Прайс-лист'!$B$17:$F$95,2,0),IF($E82>=500,VLOOKUP($B82,'Прайс-лист'!$B$17:$F$95,4,0),VLOOKUP($B82,'Прайс-лист'!$B$17:$F$95,3,0))) -> 0.33 | D82: ='Прайс-лист'!F91 -> ¥ | F82: =E82*C82 -> 0
A83: 28 | B83: Отгрузка по «QR-приемке» | C83: =IF($E83<=199,VLOOKUP($B83,'Прайс-лист'!$B$17:$F$95,2,0),IF($E83>=500,VLOOKUP($B83,'Прайс-лист'!$B$17:$F$95,4,0),VLOOKUP($B83,'Прайс-лист'!$B$17:$F$95,3,0))) -> 0.66 | D83: ='Прайс-лист'!F93 -> ¥ | F83: =E83*C83 -> 0
A84: 29 | B84: Другие действия с товарами | C84: =IF($E84<=199,VLOOKUP($B84,'Прайс-лист'!$B$17:$F$95,2,0),IF($E84>=500,VLOOKUP($B84,'Прайс-лист'!$B$17:$F$95,4,0),VLOOKUP($B84,'Прайс-лист'!$B$17:$F$95,3,0))) -> по согласованию | D84: ='Прайс-лист'!F94 -> ¥/задача
A85: Итого по услугам по упаковке товара: | F85: =SUM(F8:F84) -> 0
B86: УСЛУГИ ПО РАБОТЕ С КОРОБАМИ / ПАЛЛЕТАМИ | E86: ⠀
A87: 30 | B87: Погрузочно-разгрузочные работы коробов до 15 кг | C87: ='Прайс-лист'!C99 -> 0.83 | D87: ='Прайс-лист'!D99 -> ¥/шт. | F87: =E87*C87 -> 0
A88: 31 | B88: Погрузочно-разгрузочные работы коробов свыше 15 кг | C88: ='Прайс-лист'!C100 -> 2.08 | D88: ='Прайс-лист'!D100 -> ¥/шт. | F88: =E88*C88 -> 0
A89: 32 | B89: Механизированная погрузка/разгрузка паллета | C89: ='Прайс-лист'!C101 -> 24.91 | D89: ='Прайс-лист'!D101 -> ¥/шт. | F89: =E89*C89 -> 0
A90: 33 | B90: Паллетирование, за паллет | C90: ='Прайс-лист'!C102 -> 16.61 | D90: ='Прайс-лист'!D102 -> ¥/шт. | F90: =E90*C90 -> 0
A91: 34 | B91: Укладка на паллет товаров / коробов весом до 15 кг | C91: ='Прайс-лист'!C103 -> 0.83 | D91: ='Прайс-лист'!D103 -> ¥/шт. | F91: =E91*C91 -> 0
A92: 35 | B92: Укладка на паллет товаров / коробов весом свыше 15 кг | C92: ='Прайс-лист'!C104 -> 2.08 | D92: ='Прайс-лист'!D104 -> ¥/шт. | F92: =E92*C92 -> 0
A93: 36 | B93: Предоставление товарной спецификации на каждый короб | C93: ='Прайс-лист'!C105 -> 3.74 | D93: ='Прайс-лист'!D105 -> ¥/короб | F93: =E93*C93 -> 0
A94: 37 | B94: Наклейка грузовых ярлыков на короб / паллет | C94: ='Прайс-лист'!C106 -> 0.83 | D94: ='Прайс-лист'!D106 -> ¥/шт. | F94: =E94*C94 -> 0
A95: 38 | B95: Снабжение паллеты информационным листом (упаковочным листом) | C95: ='Прайс-лист'!C107 -> 1.25 | D95: ='Прайс-лист'!D107 -> ¥/шт. | F95: =E95*C95 -> 0
A96: 39 | B96: Снятие и утилизация обрешётки с короба | C96: ='Прайс-лист'!C108 -> 16.61 | D96: ='Прайс-лист'!D108 -> ¥/шт. | F96: =E96*C96 -> 0
A97: 40 | B97: Снятие и утилизация обрешётки с паллеты | C97: ='Прайс-лист'!C109 -> 29.07 | D97: ='Прайс-лист'!D109 -> ¥/шт. | F97: =E97*C97 -> 0
A98: 41 | B98: Другие действия с коробами / паллетами | C98: ='Прайс-лист'!C110 -> по согласованию | D98: ='Прайс-лист'!D110 -> ¥/задача
A99: 42 | B99: Хранение паллетное (120 x 80 x 150) | C99: ='Прайс-лист'!C111 -> 4.15 | D99: ='Прайс-лист'!D111 -> ¥/паллет/сутки | F99: =E99*C99 -> 0
A100: Итого по работе с коробами / паллетами: | F100: =SUM(F87:F99) -> 0
B102: УСЛУГИ ПО ОБРАБОТКЕ ЗАКАЗОВ | E102: ⠀
A103: 43 | B103: Создание карточки товара во внутренней системе склада | C103: ='Прайс-лист'!C155 -> 8.3 | D103: ='Прайс-лист'!D155 -> ¥/SKU | F103: =E103*C103 -> 0
A104: 44 | B104: Сборка товара+наклейка ШК (самостоятельное формирование сборочного задания, которое отправляется нам) | C104: ='Прайс-лист'!C156 -> 0.83 | D104: ='Прайс-лист'!D156 -> ¥/шт. | F104: =E104*C104 -> 0
A105: 45 | B105: Сборка товара+наклейка ШК+внесение код маркировки в кабинет (самостоятельное формирование сборочного задания, которое отправляется нам) | C105: ='Прайс-лист'!C157 -> 7.28 | D105: ='Прайс-лист'!D157 -> ¥/шт. | F105: =E105*C105 -> 0
A106: 46 | B106: Формирование сборочных заданий | C106: ='Прайс-лист'!C158 -> 0.7 | D106: ='Прайс-лист'!D158 -> ¥/сутки | F106: =E106*C106 -> 0
A107: Итого по услугам по отгрузке по системе обработке заказов: | F107: =SUM(F103:F106) -> 0
B109: УСЛУГИ ПО ВЕДЕНИЮ
A110: 47 | B110: Расчет unit-экономики | C110: ='Прайс-лист'!C166 -> 86 | D110: ='Прайс-лист'!D166 -> ¥/проект | F110: =E110*C110 -> 0
A111: 48 | B111: Регистрация / подключение кабинета канала продаж | C111: ='Прайс-лист'!C167 -> 172 | D111: ='Прайс-лист'!D167 -> ¥/проект | F111: =E111*C111 -> 0
...

Sheet Прайс-лист
A13: УСЛУГИ ПО УПАКОВКЕ ТОВАРА
A15: № | B15: НАИМЕНОВАНИЕ | C15: СТОИМОСТЬ | F15: ЕД.ИЗМ
C16: до 199 шт. | D16: от 200 до 499 шт. | E16: от 500 шт.
A17: 1 | B17: Приёмка товара на склад (в штуках) | C17: =D17 -> 0.25 | D17: 0.25 | E17: =D17 -> 0.25 | F17: ¥/шт | G17: v10: цена установлена как 80% от российского v6 по текущему курсу CNY/RUB.
A18: 2 | B18: Приёмка товара на склад (в коробках) | C18: =D18 -> 0.66 | D18: 0.66 | E18: =D18 -> 0.66 | F18: ¥/короб | G18: v10: цена установлена как 80% от российского v6 по текущему курсу CNY/RUB.
A19: 3 | B19: Визуальный осмотр товара на брак | C19: 0.41 | D19: 0.33 | E19: 0.25 | F19: ¥ | G19: v10: цена установлена как 80% от российского v6 по текущему курсу CNY/RUB.
A20: 4 | B20: Детальный осмотр (выявление брака, проверка комплекта и др.) | C20: 0.83 | D20: 0.75 | E20: 0.66 | F20: ¥ | G20: v10: цена установлена как 80% от российского v6 по текущему курсу CNY/RUB.
A21: 5 | B21: Проверка товара на брак электромеханических приборов (проверка от сети, от аккумуляторов) | C21: 1.16 | D21: 1 | E21: 0.83 | F21: ¥ | G21: v10: цена установлена как 80% от российского v6 по текущему курсу CNY/RUB.
A22: 6 | B22: Категория 1 (до 20 см) | C22: 0.83 | D22: 0.66 | E22: 0.5 | F22: =VLOOKUP($B22,'Прайс-лист'!$B$23:$F$29,5,0) -> ¥ | G22: v10: цена установлена как 80% от российского v6 по текущему курсу CNY/RUB.
A23: 7 | B23: Категория 1 (до 20 см) | C23: 0.83 | D23: 0.66 | E23: 0.5 | F23: ¥ | G23: v10: цена установлена как 80% от российского v6 по текущему курсу CNY/RUB.
A24: 8 | B24: Категория 2 (до 40 см) | C24: 1.16 | D24: 0.91 | E24: 0.75 | F24: ¥ | G24: v10: цена установлена как 80% от российского v6 по текущему курсу CNY/RUB.
A25: 9 | B25: Категория 3 (до 60 см) | C25: 1.5 | D25: 1.16 | E25: 0.91 | F25: ¥ | G25: v10: цена установлена как 80% от российского v6 по текущему курсу CNY/RUB.
A26: 10 | B26: Категория 4 (до 80 см) | C26: 1.83 | D26: 1.5 | E26: 1.16 | F26: ¥ | G26: v10: цена установлена как 80% от российского v6 по текущему курсу CNY/RUB.
A27: 11 | B27: Категория 5 (до 100 см) | C27: 2.16 | D27: 1.74 | E27: 1.41 | F27: ¥ | G27: v10: цена установлена как 80% от российского v6 по текущему курсу CNY/RUB.
A28: 12 | B28: Категория 6 (до 130 см) | C28: 2.57 | D28: 2.08 | E28: 1.66 | F28: ¥ | G28: v10: цена установлена как 80% от российского v6 по текущему курсу CNY/RUB.
A29: 13 | B29: Категория 7 (до 150 см) | C29: 2.91 | D29: 2.32 | E29: 1.83 | F29: ¥ | G29: v10: цена установлена как 80% от российского v6 по текущему курсу CNY/RUB.
A31: 14 | B31: Удаление бумажной бирки | C31: 0.33 | D31: 0.25 | E31: 0.17 | F31: ¥ | G31: v10: цена установлена как 80% от российского v6 по текущему курсу CNY/RUB.
A32: 15 | B32: Отрезание ниток | C32: 0.41 | D32: 0.33 | E32: 0.25 | F32: ¥ | G32: v10: цена установлена как 80% от российского v6 по текущему курсу CNY/RUB.
A33: 16 | B33: Перешив тканевой этикетки (удалить старую и пришить новую тканевую этикетку) | C33: 3.32 | D33: 2.91 | E33: 2.49 | F33: ¥ | G33: v10: цена установлена как 80% от российского v6 по текущему курсу CNY/RUB.
A34: 17 | B34: Крепление бумажной бирки на изделие | C34: 0.5 | D34: 0.41 | E34: 0.33 | F34: ¥ | G34: v10: цена установлена как 80% от российского v6 по текущему курсу CNY/RUB.
A35: 18 | B35: Вложение вкладыша | C35: 0.41 | D35: 0.33 | E35: 0.25 | F35: ¥ | G35: v10: цена установлена как 80% от российского v6 по текущему курсу CNY/RUB.
A36: 19 | B36: Категория 1 (до 20 см) | C36: 0.83 | D36: 0.66 | E36: 0.5 | F36: =VLOOKUP($B36,'Прайс-лист'!$B$37:$F$43,5,0) -> ¥ | G36: v10: цена установлена как 80% от российского v6 по текущему курсу CNY/RUB.
A37: 20 | B37: Категория 1 (до 20 см) | C37: 0.83 | D37: 0.66 | E37: 0.5 | F37: ¥ | G37: v10: цена установлена как 80% от российского v6 по текущему курсу CNY/RUB.
A38: 21 | B38: Категория 2 (до 40 см) | C38: 1.16 | D38: 0.91 | E38: 0.75 | F38: ¥ | G38: v10: цена установлена как 80% от российского v6 по текущему курсу CNY/RUB.
A39: 22 | B39: Категория 3 (до 60 см) | C39: 1.5 | D39: 1.16 | E39: 0.91 | F39: ¥ | G39: v10: цена установлена как 80% от российского v6 по текущему курсу CNY/RUB.
A40: 23 | B40: Категория 4 (до 80 см) | C40: 1.83 | D40: 1.5 | E40: 1.16 | F40: ¥ | G40: v10: цена установлена как 80% от российского v6 по текущему курсу CNY/RUB.
A41: 24 | B41: Категория 5 (до 100 см) | C41: 2.16 | D41: 1.74 | E41: 1.41 | F41: ¥ | G41: v10: цена установлена как 80% от российского v6 по текущему курсу CNY/RUB.
A42: 25 | B42: Категория 6 (до 130 см) | C42: 2.57 | D42: 2.08 | E42: 1.66 | F42: ¥ | G42: v10: цена установлена как 80% от российского v6 по текущему курсу CNY/RUB.
A43: 26 | B43: Категория 7 (до 150 см) | C43: 2.91 | D43: 2.32 | E43: 1.83 | F43: ¥ | G43: v10: цена установлена как 80% от российского v6 по текущему курсу CNY/RUB.
A45: 27 | B45: Сортировка товара по цвету, размеру и т.д. | C45: 0.41 | D45: 0.33 | E45: 0.25 | F45: ¥ | G45: v10: цена установлена как 80% от российского v6 по текущему курсу CNY/RUB.
A46: 28 | B46: Глажка / отпаривание одежды | C46: 6.64 | D46: 5.81 | E46: 4.98 | F46: ¥ | G46: v10: цена установлена как 80% от российского v6 по текущему курсу CNY/RUB.
A47: 29 | B47: Категория 1 (до 20 см) | C47: 0.83 | D47: 0.66 | E47: 0.5 | F47: =VLOOKUP($B47,'Прайс-лист'!$B$48:$F$54,5,0) -> ¥ | G47: v10: цена установлена как 80% от российского v6 по текущему курсу CNY/RUB.
A48: 30 | B48: Категория 1 (до 20 см) | C48: 0.83 | D48: 0.66 | E48: 0.5 | F48: ¥ | G48: v10: цена установлена как 80% от российского v6 по текущему курсу CNY/RUB.
A49: 31 | B49: Категория 2 (до 40 см) | C49: 1.16 | D49: 0.91 | E49: 0.75 | F49: ¥ | G49: v10: цена установлена как 80% от российского v6 по текущему курсу CNY/RUB.
A50: 32 | B50: Категория 3 (до 60 см) | C50: 1.5 | D50: 1.16 | E50: 0.91 | F50: ¥ | G50: v10: цена установлена как 80% от российского v6 по текущему курсу CNY/RUB.
A51: 33 | B51: Категория 4 (до 80 см) | C51: 1.83 | D51: 1.5 | E51: 1.16 | F51: ¥ | G51: v10: цена установлена как 80% от российского v6 по текущему курсу CNY/RUB.
A52: 34 | B52: Категория 5 (до 100 см) | C52: 2.16 | D52: 1.74 | E52: 1.41 | F52: ¥ | G52: v10: цена установлена как 80% от российского v6 по текущему курсу CNY/RUB.
A53: 35 | B53: Категория 6 (до 130 см) | C53: 2.57 | D53: 2.08 | E53: 1.66 | F53: ¥ | G53: v10: цена установлена как 80% от российского v6 по текущему курсу CNY/RUB.
A54: 36 | B54: Категория 7 (до 150 см) | C54: 2.91 | D54: 2.32 | E54: 1.83 | F54: ¥ | G54: v10: цена установлена как 80% от российского v6 по текущему курсу CNY/RUB.
A56: 37 | B56: Упаковка в ZIP пакет | C56: 0.5 | D56: 0.41 | E56: 0.33 | F56: ¥ | G56: v10: цена установлена как 80% от российского v6 по текущему курсу CNY/RUB.
A57: 38 | B57: Упаковка в ZIP пакет матовый с бегунком пакет (Премиум) | C57: 0.5 | D57: 0.41 | E57: 0.33 | F57: ¥ | G57: v10: цена установлена как 80% от российского v6 по текущему курсу CNY/RUB.
A58: 39 | B58: Упаковка в БОПП пакет с клейким краем | C58: 0.5 | D58: 0.41 | E58: 0.33 | F58: ¥ | G58: v10: цена установлена как 80% от российского v6 по текущему курсу CNY/RUB.
A59: 40 | B59: Категория 1 (до 20 см) | C59: 0.83 | D59: 0.66 | E59: 0.5 | F59: =VLOOKUP($B59,'Прайс-лист'!$B$60:$F$66,5,0) -> ¥ | G59: v10: цена установлена как 80% от российского v6 по текущему курсу CNY/RUB.
A60: 41 | B60: Категория 1 (до 20 см) | C60: 0.83 | D60: 0.66 | E60: 0.5 | F60: ¥ | G60: v10: цена установлена как 80% от российского v6 по текущему курсу CNY/RUB.
A61: 42 | B61: Категория 2 (до 40 см) | C61: 1.16 | D61: 0.91 | E61: 0.75 | F61: ¥ | G61: v10: цена установлена как 80% от российского v6 по текущему курсу CNY/RUB.
A62: 43 | B62: Категория 3 (до 60 см) | C62: 1.5 | D62: 1.16 | E62: 0.91 | F62: ¥ | G62: v10: цена установлена как 80% от российского v6 по текущему курсу CNY/RUB.
A63: 44 | B63: Категория 4 (до 80 см) | C63: 1.83 | D63: 1.5 | E63: 1.16 | F63: ¥ | G63: v10: цена установлена как 80% от российского v6 по текущему курсу CNY/RUB.
A64: 45 | B64: Категория 5 (до 100 см) | C64: 2.16 | D64: 1.74 | E64: 1.41 | F64: ¥ | G64: v10: цена установлена как 80% от российского v6 по текущему курсу CNY/RUB.
A65: 46 | B65: Категория 6 (до 130 см) | C65: 2.57 | D65: 2.08 | E65: 1.66 | F65: ¥ | G65: v10: цена установлена как 80% от российского v6 по текущему курсу CNY/RUB.
A66: 47 | B66: Категория 7 (до 150 см) | C66: 2.91 | D66: 2.32 | E66: 1.83 | F66: ¥ | G66: v10: цена установлена как 80% от российского v6 по текущему курсу CNY/RUB.
A68: 48 | B68: Категория 1 (до 20 см) | C68: 0.83 | D68: 0.66 | E68: 0.5 | F68: =VLOOKUP($B68,'Прайс-лист'!$B$69:$F$75,5,0) -> ¥ | G68: v10: цена установлена как 80% от российского v6 по текущему курсу CNY/RUB.
A69: 49 | B69: Категория 1 (до 20 см) | C69: 0.83 | D69: 0.66 | E69: 0.5 | F69: ¥ | G69: v10: цена установлена как 80% от российского v6 по текущему курсу CNY/RUB.
A70: 50 | B70: Категория 2 (до 40 см) | C70: 1.16 | D70: 0.91 | E70: 0.75 | F70: ¥ | G70: v10: цена установлена как 80% от российского v6 по текущему курсу CNY/RUB.
A71: 51 | B71: Категория 3 (до 60 см) | C71: 1.5 | D71: 1.16 | E71: 0.91 | F71: ¥ | G71: v10: цена установлена как 80% от российского v6 по текущему курсу CNY/RUB.
A72: 52 | B72: Категория 4 (до 80 см) | C72: 1.83 | D72: 1.5 | E72: 1.16 | F72: ¥ | G72: v10: цена установлена как 80% от российского v6 по текущему курсу CNY/RUB.
A73: 53 | B73: Категория 5 (до 100 см) | C73: 2.16 | D73: 1.74 | E73: 1.41 | F73: ¥ | G73: v10: цена установлена как 80% от российского v6 по текущему курсу CNY/RUB.
A74: 54 | B74: Категория 6 (до 130 см) | C74: 2.57 | D74: 2.08 | E74: 1.66 | F74: ¥ | G74: v10: цена установлена как 80% от российского v6 по текущему курсу CNY/RUB.
A75: 55 | B75: Категория 7 (до 150 см) | C75: 2.91 | D75: 2.32 | E75: 1.83 | F75: ¥ | G75: v10: цена установлена как 80% от российского v6 по текущему курсу CNY/RUB.
A77: 56 | B77: Категория 1 (до 20 см) | C77: 0.83 | D77: 0.66 | E77: 0.5 | F77: =VLOOKUP($B77,'Прайс-лист'!$B$78:$F$84,5,0) -> ¥ | G77: v10: цена установлена как 80% от российского v6 по текущему курсу CNY/RUB.
A78: 57 | B78: Категория 1 (до 20 см) | C78: 0.83 | D78: 0.66 | E78: 0.5 | F78: ¥ | G78: v10: цена установлена как 80% от российского v6 по текущему курсу CNY/RUB.
A79: 58 | B79: Категория 2 (до 40 см) | C79: 1.16 | D79: 0.91 | E79: 0.75 | F79: ¥ | G79: v10: цена установлена как 80% от российского v6 по текущему курсу CNY/RUB.
A80: 59 | B80: Категория 3 (до 60 см) | C80: 1.5 | D80: 1.16 | E80: 0.91 | F80: ¥ | G80: v10: цена установлена как 80% от российского v6 по текущему курсу CNY/RUB.
A81: 60 | B81: Категория 4 (до 80 см) | C81: 1.83 | D81: 1.5 | E81: 1.16 | F81: ¥ | G81: v10: цена установлена как 80% от российского v6 по текущему курсу CNY/RUB.
A82: 61 | B82: Категория 5 (до 100 см) | C82: 2.16 | D82: 1.74 | E82: 1.41 | F82: ¥ | G82: v10: цена установлена как 80% от российского v6 по текущему курсу CNY/RUB.
A83: 62 | B83: Категория 6 (до 130 см) | C83: 2.57 | D83: 2.08 | E83: 1.66 | F83: ¥ | G83: v10: цена установлена как 80% от российского v6 по текущему курсу CNY/RUB.
A84: 63 | B84: Категория 7 (до 150 см) | C84: 2.91 | D84: 2.32 | E84: 1.83 | F84: ¥ | G84: v10: цена установлена как 80% от российского v6 по текущему курсу CNY/RUB.
A86: 64 | B86: Печать стикера с баркодом/QR кодом и другой информацией | C86: 0.25 | D86: 0.17 | E86: 0.08 | F86: ¥ | G86: v10: цена установлена как 80% от российского v6 по текущему курсу CNY/RUB.
A87: 65 | B87: Печать и наклейка штрих кода (наклейка стикера с баркодом/QR кодом и другой информацией) | C87: 0.41 | D87: 0.33 | E87: 0.25 | F87: ¥ | G87: v10: цена установлена как 80% от российского v6 по текущему курсу CNY/RUB.
A88: 66 | B88: Разработка/редактирование штрихкода (без доп. информации) | C88: =D88 -> 4.15 | D88: 4.15 | E88: =D88 -> 4.15 | F88: ¥/SKU | G88: v10: цена установлена как 80% от российского v6 по текущему курсу CNY/RUB.
A89: 67 | B89: Разработка штрихкода (с доп. информацией) | C89: =D89 -> 4.98 | D89: 4.98 | E89: =D89 -> 4.98 | F89: ¥/SKU | G89: v10: цена установлена как 80% от российского v6 по текущему курсу CNY/RUB.
A90: 68 | B90: Разработка и печать термоэтикетки с любой информацией | C90: =D90 -> 4.98 | D90: 4.98 | E90: =D90 -> 4.98 | F90: ¥/SKU | G90: v10: цена установлена как 80% от российского v6 по текущему курсу CNY/RUB.
A91: 69 | B91: Укладка товаров в новый транспортировочный короб (без упаковки и маркировки) | C91: 0.33 | D91: 0.25 | E91: 0.17 | F91: ¥ | G91: v10: цена установлена как 80% от российского v6 по текущему курсу CNY/RUB.
A93: 70 | B93: Отгрузка по «QR-приемке» | C93: 0.66 | D93: 0.58 | E93: 0.5 | F93: ¥ | G93: v10: цена установлена как 80% от российского v6 по текущему курсу CNY/RUB.
A94: 71 | B94: Другие действия с товарами | C94: по согласованию | D94: по согласованию | E94: по согласованию | F94: ¥/задача
A96: УСЛУГИ ПО РАБОТЕ С КОРОБАМИ / ПАЛЛЕТАМИ
A98: № | B98: НАИМЕНОВАНИЕ | C98: СТОИМОСТЬ | D98: ЕД. ИЗМ. | E98: СРЕДНИЙ РЫНОК | F98: CONF. | G98: ИСТОЧНИК
A99: 1 | B99: Погрузочно-разгрузочные работы коробов до 15 кг | C99: =ROUND(E99/0.92,2) -> 0.83 | D99: ¥/шт. | E99: 0.76 | F99: B | G99: v13: восстановлено из российского шаблона; цена = РФ / 10.4712 x 0.8
A100: 2 | B100: Погрузочно-разгрузочные работы коробов свыше 15 кг | C100: =ROUND(E100/0.92,2) -> 2.08 | D100: ¥/шт. | E100: 1.91 | F100: B | G100: v13: восстановлено из российского шаблона; цена = РФ / 10.4712 x 0.8
A101: 3 | B101: Механизированная погрузка/разгрузка паллета | C101: =ROUND(E101/0.92,2) -> 24.91 | D101: ¥/шт. | E101: 22.92 | F101: B | G101: v13: восстановлено из российского шаблона; цена = РФ / 10.4712 x 0.8
A102: 4 | B102: Паллетирование, за паллет | C102: =ROUND(E102/0.92,2) -> 16.61 | D102: ¥/шт. | E102: 15.28 | F102: B | G102: v13: восстановлено из российского шаблона; цена = РФ / 10.4712 x 0.8
A103: 5 | B103: Укладка на паллет товаров / коробов весом до 15 кг | C103: =ROUND(E103/0.92,2) -> 0.83 | D103: ¥/шт. | E103: 0.76 | F103: B | G103: v13: восстановлено из российского шаблона; цена = РФ / 10.4712 x 0.8
A104: 6 | B104: Укладка на паллет товаров / коробов весом свыше 15 кг | C104: =ROUND(E104/0.92,2) -> 2.08 | D104: ¥/шт. | E104: 1.91 | F104: B | G104: v13: восстановлено из российского шаблона; цена = РФ / 10.4712 x 0.8
A105: 7 | B105: Предоставление товарной спецификации на каждый короб | C105: =ROUND(E105/0.92,2) -> 3.74 | D105: ¥/короб | E105: 3.44 | F105: B | G105: v13: восстановлено из российского шаблона; цена = РФ / 10.4712 x 0.8
A106: 8 | B106: Наклейка грузовых ярлыков на короб / паллет | C106: =ROUND(E106/0.92,2) -> 0.83 | D106: ¥/шт. | E106: 0.76 | F106: B | G106: v13: восстановлено из российского шаблона; цена = РФ / 10.4712 x 0.8
A107: 9 | B107: Снабжение паллеты информационным листом (упаковочным листом) | C107: =ROUND(E107/0.92,2) -> 1.25 | D107: ¥/шт. | E107: 1.15 | F107: B | G107: v13: восстановлено из российского шаблона; цена = РФ / 10.4712 x 0.8
A108: 10 | B108: Снятие и утилизация обрешётки с короба | C108: =ROUND(E108/0.92,2) -> 16.61 | D108: ¥/шт. | E108: 15.28 | F108: B | G108: v13: восстановлено из российского шаблона; цена = РФ / 10.4712 x 0.8
A109: 11 | B109: Снятие и утилизация обрешётки с паллеты | C109: =ROUND(E109/0.92,2) -> 29.07 | D109: ¥/шт. | E109: 26.74 | F109: B | G109: v13: восстановлено из российского шаблона; цена = РФ / 10.4712 x 0.8
A110: 12 | B110: Другие действия с коробами / паллетами | C110: по согласованию | D110: ¥/задача | E110: по согласованию | F110: RFQ | G110: v13: восстановлено из российского шаблона; цена = РФ / 10.4712 x 0.8
A111: 13 | B111: Хранение паллетное (120 x 80 x 150) | C111: =ROUND(E111/0.92,2) -> 4.15 | D111: ¥/паллет/сутки | E111: 3.82 | F111: B | G111: v13: восстановлено из российского шаблона; цена = РФ / 10.4712 x 0.8
A152: УСЛУГИ ПО ОБРАБОТКЕ ЗАКАЗОВ
A154: № | B154: НАИМЕНОВАНИЕ | C154: СТОИМОСТЬ | D154: ЕД. ИЗМ.
A155: 1 | B155: Создание карточки товара во внутренней системе склада | C155: =ROUND(E155/0.92,2) -> 8.3 | D155: ¥/SKU | E155: 7.64 | G155: v10: цена установлена как 80% от российского v6 по текущему курсу CNY/RUB.
A156: 2 | B156: Сборка товара+наклейка ШК (самостоятельное формирование сборочного задания, которое отправляется нам) | C156: =ROUND(E156/0.92,2) -> 0.83 | D156: ¥/шт. | E156: 0.76 | G156: v10: цена установлена как 80% от российского v6 по текущему курсу CNY/RUB.
A157: 3 | B157: Сборка товара+наклейка ШК+внесение код маркировки в кабинет (самостоятельное формирование сборочного задания, которое отправляется нам) | C157: =ROUND(E157/0.92,2) -> 7.28 | D157: ¥/шт. | E157: 6.7
A158: 4 | B158: Формирование сборочных заданий | C158: 0.7 | D158: ¥/сутки | E158: 0.7
A163: УСЛУГИ ПО ВЕДЕНИЮ
A165: № | B165: НАИМЕНОВАНИЕ | C165: СТОИМОСТЬ | D165: ЕД. ИЗМ. | E165: СРЕДНИЙ РЫНОК | F165: CONF. | G165: ИСТОЧНИК | H165: ЛОГИКА
A166: 1 | B166: Расчет unit-экономики | C166: 86 | D166: ¥/проект | E166: 750 | F166: B | G166: Источник: Тарифы ведения; адаптировано под китайский канал продаж.; v14: услуги по ведению +20%, округлено до целого ¥
A167: 2 | B167: Регистрация / подключение кабинета канала продаж | C167: 172 | D167: ¥/проект | E167: 1500 | F167: B | G167: Источник: Тарифы ведения; адаптировано под китайский канал продаж.; v14: услуги по ведению +20%, округлено до целого ¥
A168: 3 | B168: Привязка платежной системы | C168: 172 | D168: ¥/проект | E168: 1500 | F168: B | G168: Источник: Тарифы ведения; адаптировано под китайский канал продаж.; v14: услуги по ведению +20%, округлено до целого ¥
...

Sheet Источники_цен
A1: Позиция | B1: Цена в прайсе | C1: Ед. изм. | D1: Средний рынок ¥ | E1: Источник | F1: confidence | G1: Логика
A2: Базовые строки v6 | B2: исходная цена / 10.449321 | C2: конвертация в ¥ | E2: Прайс Selby v6 | F2: B | G2: Все исходные цены v6 переведены в юани, формулы сохранены.
A3: Расчёт unit-экономики под Китай | B3: 72 | C3: ¥/проект | D3: 72 | E3: Тарифы ведения Станислава | F3: B | G3: Адаптация блока ведения: экономика закупки, склада, доставки и маржи.
A4: Создание/адаптация карточки товара | B4: 72 | C4: ¥/SKU | D4: 72 | E4: Тарифы ведения Станислава | F4: C | G4: Канал продаж и язык фиксируются в задаче.
A5: ТЗ дизайнеру инфографики/контента | B5: 72 | C5: ¥/SKU | D5: 72 | E5: Тарифы ведения Станислава | F5: C | G5: Производство дизайна отдельно.
A6: Настройка операционного контура: склад, перевозчик, маршрут | B6: 718 | C6: ¥/проект | D6: 718 | E6: Тарифы ведения Станислава | F6: B | G6: Не доставка как тариф, а организационная настройка процесса.
A7: Создание поставки и ТЗ китайскому фулфилменту | B7: 144 | C7: ¥/поставка | D7: 144 | E7: Тарифы ведения Станислава | F7: B | G7: ТЗ складу, контроль приёмки и состава работ.
A8: Контроль остатков и планирование поставок | B8: 144 | C8: ¥/мес/SKU | D8: 144 | E8: Тарифы ведения Станислава | F8: B | G8: По данным из файла ведения, адаптировано под китайский склад.
A9: Ответы на отзывы, вопросы и чаты покупателей | B9: 72 | C9: ¥/мес/канал | D9: 72 | E9: Тарифы ведения Станислава | F9: C | G9: Нужен язык поддержки, SLA и канал продаж.
A10: Работа с возвратами: рассмотрение и решение | B10: 72 | C10: ¥/мес/канал | D10: 72 | E10: Тарифы ведения Станислава | F10: B | G10: Правила возвратов зависят от канала продаж.
A11: Ручная приемка места/короба до 200 кг | B11: 7.66 | C11: ¥/место | D11: 7.66 | E11: КП одежда Станислава | F11: A | G11: Прямой тариф из предоставленного КП, переведён в юани.
A12: Детальная проверка одежды: швы, пятна, фурнитура, замеры | B12: 2.68 | C12: ¥/шт. | D12: 2.68 | E12: КП одежда Станислава | F12: A | G12: Прямой тариф из предоставленного КП, переведён в юани.
A13: Проверка вшивника и этикеток | B13: 0.57 | C13: ¥/шт. | D13: 0.57 | E13: КП одежда Станислава | F13: A | G13: Прямой тариф из предоставленного КП, переведён в юани.
A14: Маркировка комплектом этикеток / код маркировки / короб | B14: 1.15 | C14: ¥/шт. | D14: 1.15 | E14: КП одежда Станислава | F14: A | G14: Прямой тариф из предоставленного КП, переведён в юани.
... A17: Формирование мешка / групповой транспортной упаковки | B17: 14.35 | C17: ¥/место | D17: 14.35 | E17: КП одежда Станислава | F17: A | G17: Прямой тариф из предоставленного КП, переведён в юани.
A18: Переупаковка / замена упаковки | B18: по запросу | C18: ¥/шт. | D18: 0.5-5 | E18: Benchmark China raw rows | F18: B | G18: Рынок даёт широкий диапазон 0.5-5 ¥; для прайса оставлено согласование.
A19: Индивидуальная / брендовая упаковка | B19: по запросу | C19: ¥/заказ | D19: 3-10 | E19: Benchmark China raw rows | F19: C | G19: Рыночный ориентир 3-10 ¥, но цена зависит от макета, материала и тиража.
A20: Возвратная обработка: осмотр + переупаковка | B20: по запросу | C20: ¥/шт./заказ | D20: 0.8-34 | E20: Benchmark China raw rows | F20: B | G20: Ориентир 0.8-34 ¥; нужен сценарий возврата.
A21: Печать документа / грузового листа | B21: 20 | C21: ¥/документ | D21: 20 | E21: Benchmark China raw rows | F21: A | G21: Рыночный ориентир из китайского складского прайса.
A22: Льготное хранение товара с движением | B22: 0 | C22: ¥/14 дней | D22: 0 | E22: Benchmark 29.05 | F22: A | G22: Рынок часто даёт 30-60 дней бесплатно; в прайсе ограничено 14 днями.
A23: Хранение по объёму, обычный облачный склад | B23: по запросу | C23: ¥/м3/сутки | D23: 0.1-0.5 | E23: Benchmark China raw rows | F23: B | G23: Рыночный ориентир 0.1-0.5 ¥; зависит от города и типа склада.
A24: Хранение по площади | B24: по запросу | C24: ¥/м2/сутки | D24: 0.5-3 | E24: Benchmark China raw rows | F24: B | G24: Рыночный ориентир 0.5-3 ¥; для нестандартного хранения.
A25: Лёгкая ручная погрузка/разгрузка | B25: по запросу | C25: ¥/шт. | D25: 0.1-0.8 | E25: Benchmark China raw rows | F25: B | G25: Рыночный ориентир 0.1-0.8 ¥; нужны лимиты веса.
A26: Механизированная погрузка/разгрузка | B26: по запросу | C26: ¥/операция | D26: 50-100 | E26: Benchmark China raw rows | F26: B | G26: Рыночный ориентир 50-100 ¥; город и техника влияют на цену.
A30: Сборка/обработка заказа: первый товар | B30: по запросу | C30: ¥/заказ | D30: 3-5 | E30: Benchmark 29.05 | F30: B | G30: Средний рынок 3-5 ¥; в v6 отдельного order-handling нет.
A31: Дополнительный товар в заказе | B31: по запросу | C31: ¥/шт. | D31: 0.8-1.8 | E31: Benchmark 29.05 | F31: B | G31: Средний рынок 0.8-1.8 ¥; нужно для заказов с 2+ товарами.
A32: Выездная инспекция фабрики / партии | B32: по согласованию | C32: ¥/день | D32: по согласованию | E32: Benchmark 29.05 | F32: RFQ | G32: Город, длительность, чек-лист, фото/видео и дорога меняют цену.
A33: Функциональная проверка сложной техники | B33: по согласованию | C33: ¥/шт. | D33: по согласованию | E33: Benchmark 29.05 | F33: RFQ | G33: Нужен чек-лист, норма времени и риск ответственности.

Sheet Контроль_CNY
A1: Проверка | B1: Статус | C1: Комментарий
A2: Основа | B2: ok | C2: Файл создан копией v6, без перестройки строк и без удаления раздела материалов.
A3: Цены | B3: ok | C3: Источник цен по умолчанию: v6, конвертация в юани по курсу 1 CNY = 10.449321.
A4: Формулы | B4: ok | C4: Формулы КП сохранены; логика выбора цены по количеству через IF/VLOOKUP осталась как в v6.
A5: Операционный контур | B5: ok | C5: Раздел операционного контура и доставочные строки FBS скрыты и исключены из итоговой формулы услуг.
A6: Материалы | B6: ok | C6: Раздел материалов оставлен видимым; формулы материалов сохранены.
A7: Дополнительные позиции | B7: ok | C7: Позиции, которых не было в v6, добавлены отдельным блоком без сдвига строк; источник каждой цены на листе `Источники_цен`.
A8: Убрано | B8: ok | C8: Скрыты разделы фото, старые разовые услуги, наставничество и операционный контур.
A9: Материалы | B9: ok | C9: Упаковочные материалы: позиции 1-8 восстановлены как 4 ПВД-рукав + 4 Пленка ТУ; БОПП без размеров; добавлены ВПП, 2 короба без размеров, бирка/биркодержатель/лист гофрокартона; лишние складские расходники удалены с поверхности; цены по запросу.
A10: Дата | B10: info | C10: 2026-05-29 07:08 MSK
A11: V9 visual | B11: ok | C11: Клиентский лист пересобран на базе российского visual master v6; CNY-значения взяты из v8.
A12: V9 images | B12: ok | C12: Нижние изображения перенесены после фактического конца таблицы, якорь за пределами таблицы убран.
... A14: V10 pricing | B14: ok | C14: Сопоставимые с российским v6 строки пересчитаны: CN = RU / 10.4712 × 0.8. Изменено строк: 57.

Sheet Рынок_Китая
A1: Группа | B1: Рыночный ориентир | C1: Наша позиция | D1: Вывод | E1: Confidence | F1: Источник / логика
A2: Главный вывод | B2: Большая часть базовых строк не является рыночной китайской ценой | C2: Она механически получена из российского v6 через курс | D2: Такие строки годятся как стартовый прайс, но не как доказательство попадания в рынок | E2: B | F2: См. лист Китай_vs_Россия: статус `механическая конвертация`
A3: Pick & pack | B3: 5 RMB/order у China Fulfillment; $0.50-2.50/order как широкий China 3PL коридор | C3: Сборка/заказные операции в прайсе частично выше простого pick&pack | D3: Нормально, если продаём управляемый сервис, а не голый склад | E3: B | F3: China Fulfillment pricing + China 3PL market guide 2025/2026
A4: QC | B4: 1 RMB/item у China Fulfillment; $0.05-0.20 labeling, $0.20-1.00 kitting в China 3PL guide | C4: Детальная проверка одежды 2.68 ¥/шт из КП одежды | D4: Выше базового QC, но это детальная ручная проверка; нужна формулировка критерия | E4: A/B | F4: Прямое КП одежды + открытый China 3PL ориентир
A5: Label | B5: 0.20 RMB/item у China Fulfillment; $0.05-0.20/unit в China 3PL guide | C5: Маркировка комплектом 1.15 ¥/шт | D5: Выше простого label, но может быть в рынке для комплекта этикеток/код маркировки | E5: B | F5: Сравнивать только с одинаковым составом работ
A6: Хранение | B6: 3/6 RMB shelf/month; 40 RMB pallet/month; $5-15 pallet/month или $10-25 CBM/month | C6: Часть хранения оставлена по запросу/льготно | D6: Правильно оставить RFQ для нестандартного хранения; нужна ставка по м3/паллету при реальном складе | E6: B | F6: China Fulfillment + China 3PL market guide
A7: Упаковочные материалы | B7: 0.25-1.20 RMB по типовым пакетам/материалам у China Fulfillment | C7: Материалы в прайсе по запросу | D7: Корректно: материалы сильно зависят от размера и закупки | E7: B | F7: Открытый прайс China Fulfillment
A8: Управление/ведение | B8: Открытый рынок обычно не показывает такую услугу как складской тариф | C8: Цены из российского блока ведения, переведены в CNY | D8: Это не складской рынок, а управленческий сервис; сравнивать с маржой и временем менеджера | E8: C | F8: Внутренний тариф Станислава; нужен тест на первых клиентах
A10: Курс контроля | B10: 1 CNY = 10.4712 RUB | C10: Обновлять перед финальным коммерческим решением
A12: V10 позиционирование | B12: Цель Станислава: Китай на 20% дешевле РФ | C12: Пересчитано 57 сопоставимых строк | D12: Это коммерческое позиционирование; рыночность всё равно проверять по RFQ/первым заказам | E12: B | F12: Курс: 1 CNY = 10.4712 RUB

Sheet Сценарии
A1: Сценарий | B1: Состав | C1: Что проверяет | D1: Вывод для прайса
A2: 100 единиц одежды | B2: приёмка + детальный QC + маркировка + сканирование + упаковка | C2: Не выглядит ли Китай слишком дорогим на малом заказе | D2: Нужен отдельный расчёт перед коммерческим предложением
A3: 500 единиц одежды | B3: те же операции + планирование поставки | C3: Работает ли средний заказ без ручной скидки | D3: Проверить итоговый чек против РФ и КП одежды
A4: 1000+ единиц | B4: массовая обработка + материалы по запросу | C4: Где нужна скидка от объёма | D4: Ввести объёмный коэффициент только после 2-3 реальных кейсов
A5: Нестандартный товар | B5: хранение/упаковка/возвраты/доп. QC | C5: Какие строки нельзя фиксировать | D5: Оставлять RFQ и не обещать фикс

Sheet Источники_web
A1: Источник | B1: URL | C1: Что взято | D1: Как использовать
A2: China Fulfillment International pricing | B2: https://www.china-fulfillment.com/our-pricing.html | C2: Pick & Pack 5 RMB/order; QC 1 RMB/item; label 0.20 RMB/item; shelf/pallet storage; упаковочные материалы 0.25-1.20 RMB | D2: Жёсткий sanity-check для простых складских операций, не для управленческого сервиса Selby.
A3: HUIXIN / China 3PL cost guide | B3: https://china-3pl.com/how-much-does-a-3pl-cost-in-china/ | C3: Типовые China 3PL ranges: receiving, storage, pick&pack, VAS, returns; подчёркнута сценарная модель TCOF | D3: Использовать как рыночный коридор и напоминание, что сравнивать нужно сценарии, а не отдельные строки.
A4: BM DepotShip China 3PL calculator 2026 | B4: https://bmdepotship.com/china-3pl-pricing-calculator-2026-storage-picking-packing-shipping/ | C4: Подтверждает подход storage + picking + packing + shipping и доплаты за kitting/FBA prep/poly-bagging/labeling | D4: Использовать как вторичный ориентир; точные ставки брать только из КП/реальных складов.
A5: Внутренний benchmark Selby 2026-05-29 | B5: /root/.openclaw/agents/stanislav/workspace/out/fulfillment_research/selby_china_fulfillment_benchmark_2026-05-29_with_clothing_quote.xlsx | C5: КП одежды, raw rows, рекомендованный китайский прайс и сценарии | D5: Основной внутренний источник, выше по весу, чем открытые сайты.

Sheet Китай_vs_Россия
A1: Услуга | B1: Ед. изм. | C1: RU цена, ₽ | D1: CN цена, ¥ | E1: CN в ₽ | F1: Разница CN к RU | G1: Статус | H1: Комментарий
A2: Приёмка товара на склад (в штуках) | B2: ¥/шт | C2: 3.26 | D2: 0.25 | E2: 2.62 | F2: -0.19631902 | G2: Китай -20% к РФ | H2: Целевая логика v10: сопоставимая строка должна быть на 20% ниже РФ.
A3: Приёмка товара на склад (в коробках) | B3: ¥/короб | C3: 8.7 | D3: 0.66 | E3: 6.91 | F3: -0.20574713 | G3: Китай -20% к РФ | H3: Целевая логика v10: сопоставимая строка должна быть на 20% ниже РФ.
A4: Визуальный осмотр товара на брак | B4: ¥ | C4: 5.43 | D4: 0.41 | E4: 4.29 | F4: -0.20994475 | G4: Китай -20% к РФ | H4: Целевая логика v10: сопоставимая строка должна быть на 20% ниже РФ.
A5: Детальный осмотр (выявление брака, проверка комплекта и др.) | B5: ¥ | C5: 10.87 | D5: 0.83 | E5: 8.69 | F5: -0.20055198 | G5: Китай -20% к РФ | H5: Целевая логика v10: сопоставимая строка должна быть на 20% ниже РФ.
A6: Проверка товара на брак электромеханических приборов (проверка от сети, от аккумуляторов) | B6: ¥ | C6: 15.22 | D6: 1.16 | E6: 12.15 | F6: -0.20170828 | G6: Китай -20% к РФ | H6: Целевая логика v10: сопоставимая строка должна быть на 20% ниже РФ.
A7: Категория 1 (до 20 см) | B7: ¥ | C7: 10.87 | D7: 0.83 | E7: 8.69 | F7: -0.20055198 | G7: Китай -20% к РФ | H7: Целевая логика v10: сопоставимая строка должна быть на 20% ниже РФ.
A8: Категория 2 (до 40 см) | B8: ¥ | C8: 15.22 | D8: 1.16 | E8: 12.15 | F8: -0.20170828 | G8: Китай -20% к РФ | H8: Целевая логика v10: сопоставимая строка должна быть на 20% ниже РФ.
A9: Категория 3 (до 60 см) | B9: ¥ | C9: 19.57 | D9: 1.5 | E9: 15.71 | F9: -0.19724067 | G9: Китай -20% к РФ | H9: Целевая логика v10: сопоставимая строка должна быть на 20% ниже РФ.
A10: Категория 4 (до 80 см) | B10: ¥ | C10: 23.91 | D10: 1.83 | E10: 19.16 | F10: -0.19866165 | G10: Китай -20% к РФ | H10: Целевая логика v10: сопоставимая строка должна быть на 20% ниже РФ.
A11: Категория 5 (до 100 см) | B11: ¥ | C11: 28.26 | D11: 2.16 | E11: 22.62 | F11: -0.19957537 | G11: Китай -20% к РФ | H11: Целевая логика v10: сопоставимая строка должна быть на 20% ниже РФ.
A12: Категория 6 (до 130 см) | B12: ¥ | C12: 33.7 | D12: 2.57 | E12: 26.91 | F12: -0.20148368 | G12: Китай -20% к РФ | H12: Целевая логика v10: сопоставимая строка должна быть на 20% ниже РФ.
A13: Категория 7 (до 150 см) | B13: ¥ | C13: 38.04 | D13: 2.91 | E13: 30.47 | F13: -0.19900105 | G13: Китай -20% к РФ | H13: Целевая логика v10: сопоставимая строка должна быть на 20% ниже РФ.
... A58: Биркодержатель (нить/пластик) | B58: RFQ | C58: 1.5 | D58: 0.11 | E58: 1.15 | F58: -0.23333333 | G58: Китай дешевле >20% | H58: Целевая логика v10: сопоставимая строка должна быть на 20% ниже РФ.
